AoeStats
← sim_wilhelm

Arabia

507702975Analyzed
1v1 RM · 13d ago on Sep 19, 2026· 27m 42s· 2 players
Game mode
Random Map
Map size
Tiny (2 player)
Population
200
Speed
Normal
Resources
Standard
Victory
Conquest
Starting age
Dark Age
Ending age
Imperial Age
RankedLock teamsTeams togetherTeam positionsShared explorationLock speedFull tech treeHidden civsTurbo modeCheats
Victory
Defeat
🇷🇴 Tatars · Romania
608
+17
🇩🇪 Italians · Germany
629
-17
bogelund
0:33 Loom
11:56 Feudal Age
15:25 Double-Bit Axe
17:44 Castle Age
16:55 Horse Collar
18:47 Padded Archer Armor
18:38 Fletching
21:25 Wheelbarrow
21:09 Bodkin Arrow
sim_wilhelm
6:26 Loom
6:58 Loom
9:42 Feudal Age
10:24 Double-Bit Axe
15:21 Horse Collar
21:28 Castle Age
19:36 Stone Mining
22:09 Fletching
22:20 Padded Archer Armor
24:53 Bloodlines
24:44 Husbandry
24:05 Light Cavalry
27:13 Bodkin Arrow
27:33 Leather Archer Armor
27:29 Forging
Connection lost

Rejoining the realm…

Still unreachable

The connection could not be restored.

Session expired

The server has moved on; the page needs a fresh start.